 Dungeon Crawl Stone Soup version 0.20.1-1-g8b1a95d (webtiles) character file.

4111 Grim the Archer (level 10, 0/88 HPs)
             Began as a Centaur Hunter on July 24, 2017.
             Was an Initiate of Gozag.
             Killed from afar by a wight (24 damage)
             ... with a wand of acid (?/15)
             ... on level 7 of the Dungeon.
             The game lasted 00:22:58 (10823 turns).

Grim the Archer (Centaur Hunter)                   Turns: 10823, Time: 00:22:59

Health: 0/88       AC:  5    Str: 15    XL:     10   Next: 6%
Magic:  10/10      EV:  9    Int: 10    God:    Gozag
Gold:   558        SH:  0    Dex: 13    Spells: 9/9 levels left

rFire    . . .     SeeInvis .   a - +1 shortbow
rCold    . . .     Gourm    .   (shield currently unavailable)
rNeg     . . .     Faith    .   c - +0 leather armour
rPois    .         Spirit   .   (no helmet)
rElec    .         Reflect  .   (no cloak)
rCorr    .         Harm     +   (no gloves)
MR       .....                  (no barding)
Stlth    +.........             q - amulet of harm
Regen    0.3/turn               m - +1 ring of protection
MPRegen  0.2/turn               (no ring)

@: gold aura, drained, very quick
A: hooves 3, deformed body, speed 2, tough skin 3
a: Potion Petition, Call Merchant, Bribe Branch, Renounce Religion


You were on level 7 of the Dungeon.
You worshipped Gozag.
Gozag was pleased with you.
You were hungry.

You visited 2 branches of the dungeon, and saw 8 of its levels.

You collected 627 gold pieces.
You paid 69 gold pieces to Gozag.

Inventory:

Hand Weapons
 a - a +1 shortbow (weapon)
Missiles
 d - 104 arrows (quivered)
Armour
 c - a +0 leather armour (worn)
Jewellery
 m - a +1 ring of protection (left hand)
 q - an amulet of harm (around neck)
Wands
 s - a wand of disintegration (10/24)
 v - a wand of random effects (18/48)
 y - a wand of digging (9/24)
 B - a wand of digging (7/24)
Scrolls
 b - a scroll of fog {unknown}
 e - a scroll of noise {unknown}
 g - 2 scrolls of teleportation {unknown}
 h - 5 scrolls of blinking {unknown}
 l - 2 scrolls of torment {unknown}
 o - a scroll of magic mapping
 u - a scroll of enchant armour {unknown}
 x - a scroll of identify
 z - a scroll of remove curse
 C - 3 scrolls of amnesia {unknown}
Potions
 j - a potion of haste
 k - a potion of curing {unknown}
 n - 2 potions of might {unknown}
 r - 2 potions of lignification
 w - a potion of magic {unknown}
 A - a potion of mutation {unknown}
Comestibles
 f - a bread ration
 i - 5 fruits
 p - 5 royal jellies
 t - a meat ration


   Skills:
 - Level 8.2(7.9) Fighting
 + Level 12.8(12.5) Bows
 - Level 1.3(1.1) Dodging
 - Level 0.4(0.1) Stealth
 + Level 11.0(10.6) Unarmed Combat


You had 9 spell levels left.
You didn't know any spells.

Dungeon Overview and Level Annotations

Branches:
Dungeon (7/15)             Temple (1/1) D:5

Altars:
Ashenzari
Dithmenos
Fedhas
Gozag
Hepliaklqana
Kikubaaqudgha
Makhleb
Qazlal
Ru
Sif Muna
Trog
Uskayaw
Vehumet
Xom
Yredelemnul
The Shining One

Shops:
D:4 ?   D:6 (


Innate Abilities, Weirdness & Mutations

You have hooves in place of feet.
Armour fits poorly on your strangely shaped body.
You cover ground very quickly.
You have extremely tough skin. (AC +3)


Message History

Firing (i - inventory):
d - 106 arrows (quivered)
Press: ? - help, Shift-Dir - straight line, f/p - wight
Aim: a wight, wielding an enchanted flail and wearing a robe (heavily damaged)
You shoot an arrow.
The arrow hits the wight but does no damage.
The wight is heavily damaged.
Firing (i - inventory):
d - 105 arrows (quivered)
Press: ? - help, Shift-Dir - straight line, f/p - wight
Aim: a wight, wielding an enchanted flail and wearing a robe (heavily damaged)
You shoot an arrow. The arrow hits the wight.
The wight is almost destroyed.
The wight zaps a wand.
The bolt of acid hits you!
You are splashed with acid!
The acid burns!
* * * LOW HITPOINT WARNING * * *
It is a wand of acid (?/15).
You are too injured to fight recklessly!
You are too injured to fight recklessly!
The wight zaps a wand.
The bolt of acid hits you!
You die...
Your body crumbles into a pile of gold.

#############....######.######.#
#.(..# #.........# #....#
#.........# #....# ##.######.#
#....######.# #.# #...........#
#.## #....######## #... #....#
#### ####@###### #.)$zz(#
######.# .# z# z# .. .z $ .(


You could see 2 wights.

Vanquished Creatures
  Eustachio (D:5)
  A water moccasin (D:7)
  An ice beast (D:7)
  2 ogres
  3 centaurs (D:5)
  A bullfrog (D:5)
  A gnoll sergeant (D:7)
  3 scorpions
  3 electric eels (D:6)
  7 wights (D:7)
  A howler monkey (D:7)
  2 crimson imps
  A hound (D:5)
  A quasit (D:5)
  A centaur zombie (D:5)
  A centaur skeleton (D:4)
  3 orc priests (D:4)
  A jelly (D:7)
  10 orc wizards
  3 iguanas (D:4)
  3 worker ants
  A worker ant zombie (D:6)
  10 adders
  10 gnolls
  3 shadow imps
  4 oozes
  An adder skeleton (D:4)
  4 worms (D:4)
  A dart slug (D:2)
  7 leopard geckos
  29 orcs
  8 bats
  2 giant cockroaches
  7 goblins
  13 hobgoblins
  7 jackals
  8 kobolds
  2 quokkas
  2 ball pythons
  A ball python skeleton (D:5)
  4 frilled lizards
  A quokka skeleton (D:5)
  8 rats
183 creatures vanquished.

Notes
Turn   | Place    | Note
-------+----------+-------------------------------------------
     0 | D:1      | Grim the Centaur Hunter began the quest for the Orb.
     0 | D:1      | Reached XP level 1. HP: 17/17 MP: 1/1
    48 | D:1      | Reached skill level 1 in Unarmed Combat
    48 | D:1      | Reached XP level 2. HP: 24/24 MP: 2/2
   834 | D:1      | Reached XP level 3. HP: 29/29 MP: 3/3
   875 | D:1      | Reached skill level 6 in Bows
  1292 | D:2      | Found a shattered altar of Ashenzari.
  2112 | D:3      | Reached XP level 4. HP: 18/36 MP: 4/4
  2605 | D:3      | Reached skill level 7 in Bows
  2645 | D:3      | Reached XP level 5. HP: 35/41 MP: 5/5
  3947 | D:4      | Reached XP level 6. HP: 36/48 MP: 6/6
  4176 | D:4      | Reached skill level 8 in Bows
  4231 | D:4      | Found a sacrificial altar of Ru.
  4754 | D:4      | Noticed a moth of wrath
  4757 | D:4      | Found a bloodstained altar of Trog.
  4873 | D:4      | Reached skill level 5 in Unarmed Combat
  4899 | D:4      | Reached XP level 7. HP: 10/56 MP: 7/7
  5872 | D:4      | Found Omnussag's Magic Scroll Emporium.
  5958 | D:5      | Entered Level 5 of the Dungeon
  6521 | D:5      | Noticed Eustachio
  6541 | D:5      | Killed Eustachio
  6541 | D:5      | Reached XP level 8. HP: 57/66 MP: 8/8
  7505 | D:5      | Found a staircase to the Ecumenical Temple.
  7773 | Temple   | Entered the Ecumenical Temple
  7831 | Temple   | Became a worshipper of Gozag Ym Sagoz the Greedy
  8496 | D:5      | Reached skill level 9 in Bows
  8780 | D:5      | Reached skill level 12 in Bows
  8780 | D:5      | Reached skill level 10 in Unarmed Combat
  8780 | D:5      | Reached XP level 9. HP: 81/81 MP: 9/9
  8938 | D:6      | Found Daophih's Antique Weapon Boutique.
 10676 | D:7      | Reached XP level 10. HP: 88/88 MP: 10/10
 10823 | D:7      | Killed from afar by a wight

Skill      XL: |  1  2  3  4  5  6  7  8  9 10 |
---------------+-------------------------------+-----
Unarmed Combat | 1 2 3 4 5 7 10 11 | 11.0
Bows           | 6 7 8 12 | 12.8
Fighting       | 4 8 |  8.2
Dodging        | |  1.3
Stealth        | |  0.4

Action                   |  1- 3 |  4- 6 |  7- 9 | 10-12 || total
-------------------------+-------+-------+-------+-------++-------
Melee: Short sword       |    15 |    57 |       |       ||    72
       Kick              |     2 |    11 |    21 |     1 ||    35
       Unarmed           |       |    12 |   114 |     1 ||   127
       Punch             |       |       |     3 |       ||     3
 Fire: Shortbow          |   110 |   174 |   234 |    21 ||   539
  Use: Scroll            |       |     5 |     2 |       ||     7
       Potion            |       |       |     1 |       ||     1
  Eat: Chunk             |     1 |     6 |     4 |       ||    11
       Bread ration      |       |     1 |     2 |       ||     3
Armor: Leather armour    |    22 |    33 |    29 |       ||    84
Dodge: Dodged            |    25 |    50 |    48 |       ||   123
